 Dungeon Crawl Stone Soup version 0.24.0-1-gfbc8707 (webtiles) character file.

Game seed: 6020209159382221674, levelgen mode: deterministic

419 Tardy the Grave Robber (level 6, 0/35 HPs)
             Began as a Deep Elf Necromancer on Oct 27, 2019.
             Was a Believer of Trog.
             Slain by a quasit (1 damage)
             ... on level 3 of the Dungeon.
             The game lasted 00:13:29 (4144 turns).

Tardy the Grave Robber (Deep Elf Necromancer)       Turns: 4144, Time: 00:13:29

Health: 0/35       AC:  3    Str:  6    XL:     6   Next: 62%
Magic:  12/12      EV:  2    Int: 21    God:    Trog [**....]
Gold:   100        SH:  0    Dex: -9 (15) Spells: 9/11 levels left

rFire    + . .     SeeInvis .   f - +0 long sword
rCold    + . .     Gourm    .   (no shield)
rNeg     . . .     Faith    .   a - +0 robe
rPois    .         Spirit   .   m - +0 helmet
rElec    .         Reflect  .   l - scarf {rC+ rF+}
rCorr    .         Harm     .   (no gloves)
MR       .....                  (no boots)
Stlth    ..........             (no amulet)
HPRegen  0.11/turn              (no ring)
MPRegen  0.13/turn              (no ring)

@: berserk cooldown, slowed, lost dexterity, very slow
A: no striking features
a: Berserk, Trog's Hand, Renounce Religion


You were on level 3 of the Dungeon.
You worshipped Trog.
Trog was pleased with you.
You were very hungry.

You visited 1 branch of the dungeon, and saw 3 of its levels.

You collected 100 gold pieces.

Inventory:

Hand Weapons
 e - a +0 short sword
 f - a +0 long sword (weapon)
Missiles
 b - 70 stones (quivered)
Armour
 a - a +0 robe (worn)
 l - a scarf of resistance (worn)
 m - a +0 helmet (worn)
Scrolls
 d - 4 scrolls of identify
 h - a scroll of teleportation
 i - a scroll of enchant armour {unknown}
 j - 2 scrolls of remove curse {unknown}
 k - a scroll of immolation {unknown}
 n - a scroll of blinking {unknown}
Comestibles
 c - 5 rations


   Skills:
 + Level 1.9 Fighting
 - Level 1.5(2.4) Short Blades
 * Level 2.6(2.8) Long Blades
 + Level 4.7 Dodging
 - Level 3.3 Stealth
 - Level 3.0 Spellcasting
 - Level 6.2 Necromancy


You had 9 spell levels left.
You knew the following spells:

 Your Spells              Type           Power        Failure   Level  Hunger
a - Pain                  Necr           ####         1%          1    None
b - Animate Skeleton      Necr           N/A          1%          1    None

Your spell library contained the following spells:

 Spells                   Type           Power        Failure   Level  Hunger
 Vampiric Draining        Necr           ####......   3%          3    ###....
 Animate Dead             Necr           N/A          10%         4    ####...
 Regeneration             Chrm/Necr      ###.......   11%         3    ###....


Dungeon Overview and Level Annotations

Branches:
Dungeon (3/15)

Altars:
Trog


Message History

You feel clumsy. The quasit claws you.
* * * LOW HITPOINT WARNING * * *
The quasit bites you but does no damage.
The quasit claws you but does no damage. x2
The quasit bites you.
* * * LOW HITPOINT WARNING * * *
The quasit claws you.
* * * LOW HITPOINT WARNING * * *
You feel clumsy. The quasit claws you.
* * * LOW HITPOINT WARNING * * *
The quasit bites you.
* * * LOW HITPOINT WARNING * * *
The quasit barely misses you. The quasit claws you.
* * * LOW HITPOINT WARNING * * *
There is a transporter here.
You enter the transporter and appear at another place.
The quasit bites you.
You die...

#..#..$[.....#........
#.(..###=..##.##.......
##.#.....#.....#.......
#!..#..©..##.©#.....#.
#. #..#......#.###.#.
...#...#...##.# #.#.
#......#....#..# #.#.
##.###..#####.## #.#.
###@####.....# #.#.
#...55........#####.#.
##............##....#.
#............##.#####
#............##.#####
#............##.....#
#............######.#
##########.### #.#
#(########.#


You could see 2 quasits.

Vanquished Creatures
  Sigmund (D:2)
  2 quasits (D:3)
  The ghost of dforspid the Sneak, a weakling FeBe of Trog (D:3)
  Jessica (D:2)
  Terence (D:2)
  5 adders (D:2)
  An ooze (D:1)
  5 worms
  A dart slug (D:3)
  A leopard gecko (D:3)
  4 giant cockroaches
  7 goblins
  10 hobgoblins
  4 jackals (D:3)
  7 kobolds
  A quokka (D:2)
  5 bats
  A frilled lizard (D:2)
  6 rats (D:1)
64 creatures vanquished.

Notes
Turn   | Place    | Note
-------+----------+-------------------------------------------
     0 | D:1      | Tardy the Deep Elf Necromancer began the quest for the Orb.
     0 | D:1      | Reached XP level 1. HP: 10/10 MP: 6/6
   124 | D:1      | Reached skill level 5 in Necromancy
   301 | D:1      | Reached XP level 2. HP: 9/15 MP: 2/8
   463 | D:1      | Learned a level 1 spell: Animate Skeleton
  1570 | D:2      | Noticed Jessica
  1580 | D:2      | Killed Jessica
  1580 | D:2      | Reached skill level 6 in Necromancy
  1580 | D:2      | Reached XP level 3. HP: 9/19 MP: 3/9
  1892 | D:2      | Reached XP level 4. HP: 22/24 MP: 10/10
  1977 | D:2      | Found a faded altar of an unknown god.
  1982 | D:2      | Became a worshipper of Trog the Wrathful
  1982 | D:2      | Reached * piety under Trog
  2459 | D:2      | Noticed Terence
  2467 | D:2      | Killed Terence
  2467 | D:2      | Reached skill level 1 in Short Blades
  2715 | D:2      | Noticed Sigmund
  2944 | D:2      | Reached XP level 5. HP: 21/28 MP: 11/11
  3218 | D:2      | Killed Sigmund
  3218 | D:2      | Reached skill level 1 in Fighting
  3218 | D:2      | Reached skill level 1 in Long Blades
  3218 | D:2      | Reached XP level 6. HP: 34/34 MP: 12/12
  3472 | D:3      | Found a transporter.
  3486 | D:3      | Noticed dforspid's ghost (weakling FeBe)
  3683 | D:3      | Found a transporter.
  3702 | D:3      | Killed dforspid's ghost
  3703 | D:3      | Reached ** piety under Trog
  4134 | D:3      | Lost dexterity.
  4143 | D:3      | HP: 1/35 [quasit (1)]
  4144 | D:3      | Slain by a quasit

Levels and vault maps discovered:
D:1:      minmay_arrival_shattered_statue, layout_loops_ring
D:2:      layout_loops_cross, chequers_ecumenical_altar_simple,
          minmay_quantized, uniq_jessica, uniq_sigmund, uniq_terence
D:3:      layout_basic, gammafunk_ghost_stat_death, hangedman_decor_opposing,
          minmay_misc_feat_x, corexii_leaking_fountain, kennysheep_slug_shrine,
          uniq_robin, uniq_grinder

Skill      XL: |  1  2  3  4  5  6 |
---------------+-------------------+-----
Necromancy     | 5 6 |  6.2
Dodging        | 3 4 |  4.7
Short Blades   | 1 |  1.5
Fighting       | 1 |  1.9
Long Blades    | 1 2 |  2.6
Stealth        | 3 |  3.3
Spellcasting   | |  3.0

Action                   |  1- 3 |  4- 6 || total
-------------------------+-------+-------++-------
Melee: Short sword       |    42 |    65 ||   107
       Long sword        |       |   116 ||   116
 Cast: Pain              |    34 |     3 ||    37
       Animate Skeleton  |     9 |     1 ||    10
Invok: Berserk           |       |     9 ||     9
  Use: Scroll            |       |     2 ||     2
       Potion            |       |     1 ||     1
 Stab: Sleeping          |     2 |     4 ||     6
       Distracted        |       |     1 ||     1
  Eat: Chunk             |     3 |    15 ||    18
Armor: Robe              |    13 |   115 ||   128
Dodge: Dodged            |    39 |   245 ||   284
       Rpst.: Long sword |       |    53 ||    53
